 Dungeon Crawl Stone Soup version 0.30-a0-341-g682706514a (webtiles) character file.

Game seed: 238375291629177112

260 Alacron the Ruffian (level 5, 0/47 (53) HPs)
             Began as a Troll Berserker on Nov 2, 2022.
             Was a Believer of Trog.
             Slain by a wight
             ... wielding a +1 scimitar of protection
              (1 damage)
             ... on level 4 of the Dungeon.
             The game lasted 00:05:22 (2639 turns).

Alacron the Ruffian (Troll Berserker)               Turns: 2639, Time: 00:05:23

HP:   0/47 (53)     AC:  4    Str: 27    XL:     5   Next: 95%
MP:   4/4           EV: 10    Int:  3    God:    Trog [**....]
Gold: 153           SH:  0    Dex:  9    Spells: 4/4 levels left

rFire   + . .      SeeInvis .      - Unarmed
rCold   . . .      Faith    .    (no shield)
rNeg    . . .      Spirit   .    r - +0 robe
rPois   +          Reflect  .    (helmet restricted)
rElec   .          Harm     .    (no cloak)
rCorr   .          Rampage  .    (gloves unavailable)
Will    +....                    (boots unavailable)
Stlth   +.........               h - amulet of magic regeneration
HPRegen 1.07/turn                o - ring of protection from fire
MPRegen 0.49/turn                (no ring)

@: heavily drained
A: large, unfitting armour, claws 3, regeneration 1, shaggy fur 1, tough skin 1,
horns 1, strong-willed 1, poison resistance
a: Renounce Religion, Berserk, Trog's Hand


You were on level 4 of the Dungeon.
You worshipped Trog.
Trog was pleased with you.
You visited 1 branch of the dungeon, and saw 4 of its levels.

You collected 153 gold pieces.

Inventory:

Missiles
 i - a throwing net (quivered)
Armour
 r - a +0 robe (worn)
Jewellery
 h - an amulet of magic regeneration (around neck)
 o - a ring of protection from fire (left claw)
Wands
 n - a wand of mindburst (13)
Scrolls
 b - 2 scrolls of teleportation {unknown}
 e - 2 scrolls of fear {unknown}
 g - a scroll of magic mapping {unknown}
 l - 4 scrolls of identify {unknown}
Potions
 a - 2 potions of magic
 c - 5 potions of curing
 d - 3 potions of attraction
 f - 2 potions of flight
 j - 3 potions of heal wounds
 k - 2 potions of invisibility {unknown}
 m - 2 potions of lignification
 q - a potion of mutation


   Skills:
 + Level 3.2 Fighting
 + Level 3.4 Dodging
 + Level 0.3 Stealth
 + Level 5.3 Unarmed Combat


You had 4 spell levels left.
You didn't know any spells.
Your spell library was empty.

Dungeon Overview and Level Annotations

Branches:
Dungeon (4/15)             Temple (0/1) D:4

Altars:


Innate Abilities, Weirdness & Mutations

You are too large for most types of armour.
You have claws for hands.
Your natural rate of healing is unusually fast.
You are covered in fur. (AC +1)
You have tough skin. (AC +1)
You have a pair of small horns on your head.
You are strong-willed. (Will+)
Your system is resistant to poisons. (rPois)


Message History

Found 10 gold pieces.
A wight is nearby!
A wight comes into view. It is wielding a +3 falchion.
There is an open door here.
An endoplasm, a hound and 2 wights come into view.
You closely miss the wight. Your headbutt misses the wight.
The hound barks!
The wight hits you with a +1 scimitar of protection!
You feel drained.
You claw the wight! Your headbutt misses the wight. You claw the wight!
You destroy the wight!
Trog accepts your kill. The wight hits you but does no damage.
Your life force feels restored.
You barely miss the wight. Your headbutt misses the wight.
The wight hits you with a +1 scimitar of protection!
You are too injured to fight recklessly!
You are too injured to fight recklessly!
There is an open door here.
The wight attacks as you move away! The wight hits you with a +3 falchion!
* * * LOW HITPOINT WARNING * * *
You feel drained.
* * * LOW HITPOINT WARNING * * *
You claw the wight!
You headbutt the wight, but do no damage.
The wight is severely damaged.
You scratch the wight but do no damage.
You headbutt the wight, but do no damage.
The wight is severely damaged.
The wight hits you with a +1 scimitar of protection.
* * * LOW HITPOINT WARNING * * *
You feel drained.
* * * LOW HITPOINT WARNING * * *
The wight hits you but does no damage.
You closely miss the wight. Your headbutt misses the wight.
The wight is severely damaged.
The wight hits you with a +1 scimitar of protection.
* * * LOW HITPOINT WARNING * * *
You feel drained.
You die...

... +..... ....
#....
....####...
#.........#
#.........+
#.....z...#
#.....)zJ.#
#......#z####
+....J.#@z..#
#......#....# #
#......#....# #
#......##..## #
####... #..## #
#... #...# #
+....+...#....#
#
#....#...#....#
#
#....#...#....#


You could see 4 wights and an endoplasm.

Vanquished Creatures
  A black bear (D:4)
  A wight (D:4)
  5 adders
  A dart slug (D:2)
  3 orcs (D:3)
  4 endoplasms
  2 giant cockroaches
  6 goblins
  9 hobgoblins
  12 jackals
  2 quokkas
  4 ball pythons
  A bat (D:2)
  7 kobolds
  5 rats
63 creatures vanquished.

Notes
Turn   | Place    | Note
-------+----------+-------------------------------------------
     0 | D:1      | Alacron the Troll Berserker began the quest for the Orb.
     0 | D:1      | Reached XP level 1. HP: 22/22 MP: 0/0
   102 | D:1      | Reached XP level 2. HP: 28/29 MP: 1/1
   673 | D:2      | Reached XP level 3. HP: 25/36 MP: 2/2
   731 | D:2      | Reached ** piety under Trog
   970 | D:2      | Reached skill level 4 in Unarmed Combat
  1511 | D:3      | Reached XP level 4. HP: 41/45 MP: 3/3
  2300 | D:3      | Gained mutation: You have a pair of small horns on your
                  | head. [potion of mutation]
  2300 | D:3      | Gained mutation: You are strong-willed. (Will+) [potion of
                  | mutation]
  2300 | D:3      | Gained mutation: Your system is resistant to poisons.
                  | (rPois) [potion of mutation]
  2407 | D:4      | Found a staircase to the Ecumenical Temple.
  2600 | D:4      | Noticed a black bear
  2605 | D:4      | Killed a black bear
  2606 | D:4      | Reached skill level 5 in Unarmed Combat
  2606 | D:4      | Reached XP level 5. HP: 41/53 MP: 4/4
  2639 | D:4      | HP: 1/49 [wight/+1 scimitar of protection (6)]
  2639 | D:4      | Slain by a wight

Illustrated notes

Levels and vault maps discovered:
D:1:      dpeg_arrival_stonehenge_8_columns, layout_basic,
          nicolae_figureground_pulse
D:2:      wad_river_or_something, layout_loops_cross, serial_glass,
          glass_columns_a, glass_columns_b, roderic_lattice_a
D:3:      layout_basic
D:4:      layout_gridville, minmay_temple_entry_purple_smoke

Skill      XL: |  1  2  3  4 |
---------------+-------------+-----
Fighting       | 3 |  3.2
Unarmed Combat | 4 5 |  5.3
Dodging        | 3 |  3.4
Stealth        | |  0.3

Action                   |  1- 3 |  4- 6 || total
-------------------------+-------+-------++-------
Melee: Unarmed           |    96 |    93 ||   189
       Punch             |     1 |     3 ||     4
       Headbutt          |       |     9 ||     9
  Use: Potion            |       |     8 ||     8
Armor: Animal skin       |    38 |    24 ||    62
       Robe              |       |    15 ||    15
Dodge: Dodged            |    38 |    43 ||    81

Table legend: (Time is in decaauts)
 A = Elapsed time spent in this place.
 B = Non-inter-level travel time spent in this place.
 C = Inter-level travel time spent in this place.
 D = Time resting spent in this place.
 E = Time spent auto-exploring this place.
 F = Levels seen in this place.
 G = Mean time per level.
                   A        B        C        D        E       F      G
               +--------+--------+--------+--------+--------+-----+--------+
         Total |   2638 |   2505 |    133 |      0 |   2048 |   4 |  659.5 |
       Dungeon |   2638 |   2505 |    133 |      0 |   2048 |   4 |  659.5 |
               +--------+--------+--------+--------+--------+-----+--------+

Top non-repeatable levels by time:
     D:2: 1011 daAuts
     D:3: 862 daAuts
     D:1: 486 daAuts
     D:4: 276 daAuts
